 Dungeon Crawl Stone Soup version 0.30.0-15-g856e2d3f33 (webtiles) character file.

Game seed: 2974414229403039622

132 hito the Chopper (level 5, -5/45 HPs)
             Began as a Hill Orc Monk on May 18, 2023.
             Splashed by a jelly's acid (9 damage)
             ... on level 5 of the Dungeon.
             The game lasted 00:02:58 (1906 turns).

hito the Chopper (Hill Orc Monk)                    Turns: 1906, Time: 00:02:59

Health: -5/45      AC: -3    Str: 16    XL:     5   Next: 15%
Magic:  5/5        EV: 11    Int: 10    God:
Gold:   111        SH:  0    Dex: 13    Spells: 4/4 levels left

rFire   + . .        a - +0 hand axe
rCold   . . .        d - orb {light}
rNeg    . . .        m - +1 ring mail {rF+}
rPois   .            (no helmet)
rElec   .            (no cloak)
rCorr   .            f - +2 pair of gloves
SInv    .            (no boots)
Will    .....        (no amulet)
Stlth   +            (no ring)
HPRegen 0.27/turn    (no ring)
MPRegen 0.09/turn

%: no passive effects
@: corroded, flying, glowing
A: no striking features
a: no special abilities


You were on level 5 of the Dungeon.
You visited 1 branch of the dungeon, and saw 4 of its levels.

You collected 111 gold pieces.

Inventory:

Hand Weapons
 a - a +0 hand axe (weapon)
Armour
 b - a +0 robe
 d - an orb of light (worn)
 f - a +2 pair of gloves (worn)
 m - a +1 ring mail of fire resistance (worn)
Scrolls
 e - a scroll of magic mapping {unknown}
 h - a scroll of enchant armour {unknown}
 k - a scroll of fear {unknown}
 o - a scroll of immolation {unknown}
Potions
 c - a potion of ambrosia
 g - 2 potions of curing
 i - 2 potions of haste
 j - a potion of attraction
 l - a potion of magic {unknown}
 p - a potion of lignification {unknown}
 q - 2 potions of brilliance


   Skills:
 - Level 3.6 Fighting
 + Level 7.5 Axes
 - Level 2.4 Dodging


You had 4 spell levels left.
You didn't know any spells.
Your spell library contained the following spells:

 Spells                   Type           Power      Damage    Failure   Level
 Hailstorm                Conj/Ice       0%         3d3       91%         3
 Ice Form                 Ice/Tmut       0%         N/A       100%        4
 Simulacrum               Ice/Necr       0%         N/A       100%        6


Dungeon Overview and Level Annotations

Branches:
Dungeon (3/15)

Altars:
Gozag


Message History

Things that are here:
a +0 hand axe; a +0 plate armour
Items here: )) [[.
Things that are here:
a +0 hand axe; an orc corpse
Items here: )) [[.
Okay, then.
Things that are here:
a +0 hand axe; a +0 plate armour You see here a potion of degeneration.
Things that are here:
a +0 hand axe; a +0 plate armour A jelly comes into view.
You hit the jelly.
Your hands burn!
The jelly is lightly wounded.
The jelly hits you. The acid corrodes you!
You are splashed with acid!
You completely miss the jelly.
The jelly is lightly wounded.
You hit the jelly but do no damage.
Your hands burn!
The jelly is lightly wounded.
The jelly barely misses you.
You hit the jelly but do no damage.
Your hands burn!
The jelly is lightly wounded.
The jelly hits you but does no damage.
You hit the jelly.
Your hands burn!
The jelly is heavily wounded.
The jelly misses you.
You hit the jelly but do no damage.
Your hands burn!
The jelly is heavily wounded.
The jelly barely misses you.
You completely miss the jelly.
The jelly is heavily wounded.
The jelly hits you. The acid corrodes you!
You are splashed with acid!
* * * LOW HITPOINT WARNING * * *
It was a potion of flight.
You feel very buoyant.
You fly up into the air.
The jelly hits you.
* * * LOW HITPOINT WARNING * * *
The acid corrodes you!
You are splashed with acid!
You die...

.........##.......
#.##......(.>......
.........).#.#.#.##
#.##.####.....)..#
#. #)######### #.
#))!....... #.
#.######### #J#####
#.# #.@...###.#####
#.###.........#
#.########.####
...........#
##.#######..# #.
#..# #. #..# #.
#..# #..#


You could see a jelly.

Vanquished Creatures
  Jessica (D:2)
  2 orc wizards (D:5)
  An adder (D:3)
  A worm (D:2)
  3 dart slugs
  3 orcs (D:5)
  2 endoplasms (D:1)
  4 goblins
  5 hobgoblins
  2 jackals (D:1)
  3 quokkas
  3 ball pythons
  2 bats
  4 kobolds
  A rat (D:2)
37 creatures vanquished.

Notes
Turn   | Place    | Note
-------+----------+-------------------------------------------
     0 | D:1      | hito the Hill Orc Monk began the quest for the Orb.
     0 | D:1      | Reached XP level 1. HP: 19/19 MP: 1/1
   191 | D:1      | Reached XP level 2. HP: 26/26 MP: 2/2
   270 | D:1      | Reached skill level 5 in Axes
   482 | D:1      | Reached XP level 3. HP: 30/31 MP: 3/3
  1011 | D:2      | Found an opulent altar of Gozag.
  1305 | D:2      | Noticed Jessica
  1323 | D:2      | Killed Jessica
  1324 | D:2      | Reached skill level 6 in Axes
  1324 | D:2      | Reached XP level 4. HP: 25/39 MP: 4/4
  1780 | D:3      | You fall into a shaft and drop 2 floors!
  1780 | D:5      | Entered Level 5 of the Dungeon
  1820 | D:5      | Reached skill level 7 in Axes
  1829 | D:5      | Reached XP level 5. HP: 33/45 MP: 5/5
  1906 | D:5      | Splashed by a jelly's acid

Illustrated notes

Levels and vault maps discovered:
D:1:      eino_arrival_druids_welcome, layout_loops_cross, solitary_fountain,
          roderic_nine_men_s_morris, amcnicky_mini_pool_small, chequers_garden
D:2:      layout_basic, basic_altar, kennysheep_jessica_study
D:3:      minmay_diamond_boxcup, layout_basic, st_stairs_9, minmay_between,
          uniq_robin
D:5:      minmay_chambers_of_threes, layout_basic

Skill      XL: |  1  2  3  4 |
---------------+-------------+-----
Axes           | 5 6 7 |  7.5
Fighting       | |  3.6
Dodging        | |  2.4

Action                     |  1- 3 |  4- 6 || total
---------------------------+-------+-------++-------
  Melee: Hand axe          |    86 |    47 ||   133
    Use: Scroll            |       |     4 ||     4
         Potion            |       |     1 ||     1
 Armour: Robe              |    16 |       ||    16
         Ring mail         |    16 |    24 ||    40
  Dodge: Dodged            |    48 |    20 ||    68
